 Dungeon Crawl Stone Soup version 0.18-a0-1202-g796ae12 (webtiles) character file.

4897 Oddball22 the Blocker (level 10, -3/83 HPs)
             Began as a Formicid Fighter on Jan 31, 2016.
             Was a Priest of Qazlal.
             Killed by nerve-wracking pain
             ... invoked by an orc priest
              (12 damage)
             ... on level 11 of the Dungeon.
             The game lasted 00:19:26 (7313 turns).

Oddball22 the Blocker (Formicid Fighter)            Turns: 7313, Time: 00:19:27

Health: -3/83      AC: 15    Str: 26    XL:     10   Next: 80%
Magic:  14/14      EV:  9    Int:  8    God:    Qazlal [***...]
Gold:   562        SH: 15    Dex: 11    Spells: 0 memorised, 9 levels left

rFire  x . .     SeeInvis +     r - +3 quarterstaff (chaos)
rCold  + + .     Gourm    .     v - +0 ice dragon armour
rNeg   . . .     Faith    .     c - +0 shield
rPois  .         Spirit   .     (helmet unavailable)
rElec  .         Dismiss  .     s - +0 cloak
rCorr  .         Reflect  .     u - +0 pair of gloves
SustAt .         Harm     .     (no boots)
MR     +....                    (no amulet)
Stlth  ..........               (no ring)
                                w - +3 ring of strength

@: somewhat resistant to hostile enchantments, extremely unstealthy
A: permanent stasis, dig shafts and tunnels, four strong arms, antennae 3
a: Dig, Shaft Self, Upheaval, Elemental Force, Renounce Religion


You were on level 11 of the Dungeon.
You worshipped Qazlal.
Qazlal was most pleased with you.
You were not hungry.

You visited 2 branches of the dungeon, and saw 10 of its levels.
You also visited: Sewer and Ossuary.

You collected 562 gold pieces.

Inventory:

Hand Weapons
 g - a +0 scythe
 r - a +3 quarterstaff of chaos (weapon)
 R - a +0 short sword of venom
Missiles
 b - 12 poisoned bolts
 B - 29 bolts
Armour
 c - a +0 shield (worn)
 s - a +0 cloak (worn)
 u - a +0 pair of gloves (worn)
 v - a +0 ice dragon armour (worn)
Jewellery
 w - a +3 ring of strength (left hand)
Wands
 a - a wand of random effects (47/48)
 z - a wand of disintegration (22/24)
 D - a wand of slowing (23/48)
Scrolls
 e - 4 scrolls of identify
 l - 3 scrolls of teleportation
 m - a scroll of immolation
 n - 6 scrolls of fog
 q - 3 scrolls of fear
 y - a scroll of remove curse
 A - a scroll of torment {unknown}
 O - a scroll of enchant weapon
 P - a scroll of recharging
 Q - a scroll of magic mapping
Potions
 d - 2 potions of might
 j - 3 potions of curing
 k - 2 potions of brilliance {unknown}
 p - 4 potions of flight
 t - a potion of agility
 C - 2 potions of mutation {unknown}
 E - 3 potions of poison {unknown}
 F - 3 potions of haste {unknown}
 G - 2 potions of magic {unknown}
 H - 2 potions of cure mutation {unknown}
 I - a potion of ambrosia {unknown}
 K - a potion of berserk rage {unknown}
 N - 4 potions of lignification {unknown}
Books
 h - a Fen Folio

   Spells                             Type                      Level
   a - Corpse Rot                     Necromancy                   2
   b - Stone Arrow                    Conjuration/Earth            3
   c - Leda's Liquefaction            Hexes/Earth                  4
   d - Summon Forest                  Summoning/Translocation      5
   e - Hydra Form                     Transmutation                6
   f - Summon Hydra                   Summoning                    7
 x - a book of the Sky

   Spells                             Type                      Level
   a - Summon Lightning Spire         Summoning/Air                4
   b - Airstrike                      Air                          4
   c - Silence                        Hexes/Air                    5
   d - Deflect Missiles               Charms/Air                   6
   e - Conjure Ball Lightning         Conjuration/Air              6
   f - Tornado                        Air                          9
 J - a book of Conjurations

   Spells                             Type                      Level
   a - Magic Dart                     Conjuration                  1
   b - Searing Ray                    Conjuration                  2
   c - Dazzling Spray                 Conjuration/Hexes            3
   d - Fulminant Prism                Conjuration/Hexes            4
   e - Iskenderun's Mystic Blast      Conjuration                  4
   f - Iskenderun's Battlesphere      Conjuration/Charms           5
Comestibles
 f - 6 bread rations
 i - 7 meat rations
 o - 3 beef jerkies
 L - 6 chunks of flesh


   Skills:
 + Level 9.0 Fighting
 - Level 6.5 Polearms
 + Level 8.6 Armour
 + Level 9.5 Shields
 + Level 6.3 Invocations


You had 9 spell levels left.
You didn't know any spells.

Dungeon Overview and Level Annotations

Branches:
Dungeon (8/15)             Temple (1/1) D:5
   Lair: D:8-11

Altars:
Ashenzari
Cheibriados
Dithmenos
Elyvilon
Fedhas
Gozag
Kikubaaqudgha
Makhleb
Nemelex Xobeh
Okawaru
Qazlal
Ru
Sif Muna
Trog
Vehumet
Xom
Zin
The Shining One

Annotations:
D:8 Maurice


Innate Abilities, Weirdness & Mutations

You are under a permanent stasis effect.
You can dig through walls and to a lower floor.
Your four strong arms can wield two-handed weapons with a shield.
You have a pair of large antennae on your head (SInv).


Message History

The orc priest calls upon Beogh to heal the orc warrior.
The orc warrior is healed somewhat.
You block the orc warrior's attack.
You hit the orc warrior.
The orc warrior is heavily wounded.
You block the orc's attack.
The orc is engulfed in freezing vapours.
You kill the orc!
Qazlal accepts your kill. The orc warrior completely misses you.
You thump the orc warrior!
You kill the orc warrior!
Qazlal accepts your kill.
Your Fighting skill increases to level 9!
You block the orc priest's attack. You block the orc's attack.
The orc hits you but does no damage.
The orc priest hits you but does no damage.
You closely miss the orc priest.
The orc priest calls down the wrath of Beogh upon you.
Pain shoots through your body!
You die...

#.....'.#....#.....#
{+.....#.#...........
#.....#.####+#...###
#.....#.. #...#
#.....#.######...###
#.....#.#...........
#.....#.#......##...
#.§.§.#.#.###.......
#.o@§.# # ........
#.)o..# ########.
#.(##.# . #.. .# #..
.# #.. .# ... ....
....


You could see an orc priest and an orc.

Vanquished Creatures
  A hill giant (D:11)
  An ugly thing (D:11)
  Grinder (D:3)
  Sigmund (D:2)
  3 yaks (D:11)
  A wyvern (D:11)
  2 hippogriffs (D:8)
  Edmund (D:4)
  3 orc warriors
  An ice beast (Sewer)
  A wasp (D:11)
  5 ogres
  A crocodile (D:7)
  A crocodile (shapeshifter) (D:6)
  2 big kobolds
  An elf zombie (Ossuary)
  A giant frog (D:8)
  A scorpion (D:6)
  4 killer bees (D:8)
  2 human zombies (Ossuary)
  2 centaur zombies
  5 crimson imps
  A centaur skeleton (D:8)
  2 giant frog zombies
  4 hounds
  A jelly (D:7)
  A giant frog skeleton (D:4)
  Crazy Yiuf (D:2)
  Terence (D:3)
  An iguana (D:7)
  3 worker ants
  Natasha (D:2)
  7 orc wizards
  A big kobold zombie (Ossuary)
  2 mummies (Ossuary)
  A worker ant zombie (D:5)
  14 adders
  A shadow imp (D:7)
  3 oozes
  2 adder zombies
  An adder skeleton (D:4)
  4 worms
  3 giant geckos
  21 orcs
  14 bats
  4 giant cockroaches
  6 goblins
  6 hobgoblins
  12 jackals
  20 kobolds
  5 quokkas
  5 ball pythons
  7 giant newts
  3 goblin zombies (Ossuary)
  11 hobgoblin zombies (Ossuary)
  2 jackal zombies (Ossuary)
  5 kobold zombies (Ossuary)
  10 orc zombies (Ossuary)
  9 rats
  4 rat zombies (D:7)
240 creatures vanquished.

Notes
Turn   | Place    | Note
--------------------------------------------------------------
     0 | D:1      | Oddball22 the Formicid Fighter began the quest for the Orb.
     0 | D:1      | Reached XP level 1. HP: 18/18 MP: 1/1
    66 | D:1      | Reached XP level 2. HP: 22/24 MP: 2/2
   576 | D:1      | Reached XP level 3. HP: 24/29 MP: 3/3
   865 | D:2      | Found a white marble altar of Elyvilon.
   896 | D:2      | Noticed Crazy Yiuf
   907 | D:2      | Killed Crazy Yiuf
   907 | D:2      | Reached XP level 4. HP: 16/37 MP: 4/4
  1124 | D:2      | Noticed Sigmund
  1125 | D:2      | Reached skill level 4 in Shields
  1128 | D:2      | Found a radiant altar of Vehumet.
  1137 | D:2      | Killed Sigmund
  1137 | D:2      | Reached skill level 5 in Shields
  1137 | D:2      | Reached XP level 5. HP: 19/43 MP: 5/5
  1137 | D:2      | Reached XP level 6. HP: 21/49 MP: 6/6
  1339 | D:2      | Found a glowing golden altar of the Shining One.
  1457 | D:2      | Found a glowing silver altar of Zin.
  1602 | D:2      | Noticed Natasha
  1606 | D:2      | Killed Natasha
  1626 | D:2      | Found an iron altar of Okawaru.
  2225 | D:3      | Noticed Grinder
  2234 | D:3      | Killed Grinder
  2234 | D:3      | Reached skill level 5 in Fighting
  2234 | D:3      | Reached skill level 5 in Armour
  2234 | D:3      | Reached XP level 7. HP: 43/56 MP: 7/7
  2340 | D:3      | Noticed Terence
  2350 | D:3      | Killed Terence
  2489 | D:3      | Found a glowing drain.
  2494 | Sewer    | Entered a sewer
  2990 | Sewer    | Reached XP level 8. HP: 63/63 MP: 8/8
  3039 | Sewer    | Reached skill level 5 in Polearms
  3385 | D:4      | Reached skill level 6 in Shields
  3609 | D:4      | Noticed Edmund
  3626 | D:4      | Killed Edmund
  3711 | D:4      | Found a snail-covered altar of Cheibriados.
  3832 | D:5      | Entered Level 5 of the Dungeon
  3957 | D:5      | Reached XP level 9. HP: 24/71 MP: 9/9
  4246 | D:5      | Found a stormy altar of Qazlal.
  4260 | D:5      | Reached skill level 7 in Shields
  4410 | D:5      | Found a staircase to the Ecumenical Temple.
  4419 | Temple   | Entered the Ecumenical Temple
  4563 | Temple   | Became a worshipper of Qazlal Stormbringer
  4827 | D:5      | Found a shadowy altar of Dithmenos.
  5030 | D:6      | Reached skill level 1 in Invocations
  5266 | D:6      | Found an opulent altar of Gozag.
  5285 | D:6      | Found a sand-covered staircase.
  5473 | Ossuary  | Entered an ossuary
  5543 | Ossuary  | Reached * piety under Qazlal
  5864 | D:7      | Reached ** piety under Qazlal
  5910 | D:7      | Found a shimmering altar of Xom.
  5911 | D:7      | Found a shimmering altar of Xom.
  5911 | D:7      | Found a shimmering altar of Xom.
  5911 | D:7      | Found a shimmering altar of Xom.
  5912 | D:7      | Found a shimmering altar of Xom.
  5956 | D:7      | Reached skill level 8 in Shields
  5967 | D:7      | Found a bloodstained altar of Trog.
  5993 | D:7      | Found a sacrificial altar of Ru.
  6315 | D:7      | Found an ancient bone altar of Kikubaaqudgha.
  6506 | D:8      | Reached XP level 10. HP: 78/80 MP: 13/13
  6742 | D:8      | Noticed Maurice
  6765 | D:8      | You fall through a shaft for 3 floors!
  7176 | D:11     | Noticed a brown ugly thing
  7177 | D:11     | Reached skill level 5 in Invocations
  7187 | D:11     | Killed a brown ugly thing
  7187 | D:11     | Reached skill level 9 in Shields
  7266 | D:11     | Reached *** piety under Qazlal
  7297 | D:11     | Noticed a hill giant
  7308 | D:11     | Killed a hill giant
  7313 | D:11     | Killed from afar by an orc priest

Vault maps used:
D:1:      dpeg_arrival_ternary, solitary_fountain
D:2:      lemuel_coloured_pillars_altar, elyvilon_altar_5,
          overflow_temple_1_default, lemuel_doored_altar, lemuel_round_altar,
          serial_curves, eino_curves_04, eino_curves_01, uniq_sigmund,
          uniq_natasha, uniq_crazy_yiuf_cottage
D:3:      portal_sewer_entry_e, minmay_close_crescents, uniq_terence,
          uniq_grinder
D:4:      nicolae_overflow_crystal_walls, first_bread, uniq_edmund
D:5:      marbit_many_paths, minmay_temple_entry_poolview,
          nicolae_qazlal_general_emergency
D:6:      nicolae_overflow_hidden_temple, enter_ossuary_2, minivault_22,
          eino_tiny_chamber
D:7:      lemuel_zombie_altar_kikubaaqudgha, overflow_temple_1_default,
          xom_redecorated, overflow_temple_1_default
D:8:      trog_book, uniq_gastronok, uniq_maurice, uniq_erica
Temple:   jpeg_temple_alley_garden_8
Sewer:    sewer_co_15_rooms
Ossuary:  ossuary_tomb_1

Action                   |  1- 3 |  4- 6 |  7- 9 | 10-12 || total
-------------------------+-------+-------+-------+-------++-------
Melee: Trident           |    32 |       |       |       ||    32
       Dagger            |    63 |       |       |       ||    63
       Quarterstaff      |       |   105 |   521 |    95 ||   721
 Abil: Shaft Self        |       |       |       |     1 ||     1
  Use: Potion            |       |       |     4 |     4 ||     8
       Scroll            |       |       |    10 |       ||    10
 Stab: Paralysed         |       |       |     1 |       ||     1
       Petrifying        |       |       |     1 |       ||     1
  Eat: Chunk             |       |     4 |    14 |     3 ||    21
       Pizza             |       |       |     1 |       ||     1
